Map: [ESL] Data-C

Players

Classic - Winner!

  • Race: Protoss Protoss
  • Spawn Location: 9:00

Astrea

  • Race: Protoss Protoss
  • League: Grandmaster
  • Spawn Location: 3:00

Event: TSL 9

VOD

Have the link to the VOD?

Description

Time

  • Played on: Aug. 7, 2022, 12:19 p.m.
  • Length: 12:51

All games in this series

Show
View Real Time Build Order
Export as new Build Order

Classic Protoss - Winner!

Build Orders: Oracle Opening 

Get SALT Encoding   

  12  0:00  Probe  
  13  0:12  Probe  
  14  0:17  Pylon  
  14  0:24  Probe  
  15  0:36  Gateway  
  15  0:37  Probe (Chrono Boost)  
  16  0:47  Probe (Chrono Boost), Assimilator  
  17  0:52  Probe (Chrono Boost)  
  18  1:04  Probe  
  19  1:16  Probe (Chrono Boost)  
  19  1:18  Pylon  
  20  1:20  Assimilator  
  20  1:24  Cybernetics Core  
  20  1:25  Probe (Chrono Boost)  
  21  1:30  Probe (Chrono Boost)  
  24  1:42  Probe  
  25  1:54  Probe  
  24  2:04  Stargate  
  24  2:16  Nexus  
  24  2:22  Warp Gate  
  26  2:24  Stalker  
  26  2:26  Probe  
  27  2:38  Probe, Pylon  
  27  2:45  Oracle (Chrono Boost)  
  27  2:50  Probe  
  31  2:55  Shield Battery  
  31  3:03  Probe  
  32  3:13  Oracle (Chrono Boost)  
  32  3:15  Probe  
  36  3:28  Probe (Chrono Boost)  
  36  3:32  Probe (Chrono Boost)  
  38  3:36  Twilight Council  
  38  3:37  Probe (Chrono Boost)  
  38  3:41  Probe (Chrono Boost)  
  40  3:42  Probe (Chrono Boost)  
  41  3:52  Gateway  
  41  3:53  Gateway  
  41  3:54  Probe  
  41  3:55  Probe  
  43  4:01  Assimilator  
  43  4:07  Probe x2, Blink (Chrono Boost)  
  45  4:16  Stalker  
  47  4:19  Probe x2  
  47  4:23  Pylon  
  49  4:32  Probe x2  
  51  4:40  Stalker  
  51  4:50  Stalker  
  52  4:56  Probe x2  
  50  5:08  Probe x2  
  50  5:10  Nexus  
  50  5:12  Pylon  
  52  5:20  Probe x2  
  54  5:29  Stalker x3  
  60  5:35  Probe x2  
  60  5:37  Pylon  
  62  5:47  Probe  
  62  5:48  Probe  
  64  5:52  Stalker x2  
  64  5:53  Stalker  
  64  5:54  Shield Battery  
  70  5:57  Pylon  
  68  6:13  Probe x2  
  68  6:17  Robotics Facility  
  70  6:21  Stalker x3  
  70  6:25  Probe (Chrono Boost)  
  74  6:28  Probe x2 (Chrono Boost)  
  76  6:37  Probe (Chrono Boost)  
  76  6:39  Probe x2 (Chrono Boost)  
  79  6:42  Probe (Chrono Boost)  
  79  6:44  Probe x2 (Chrono Boost), Stalker x3  
  88  6:50  Gateway  
  89  6:54  Gateway  
  89  6:58  Gateway  
  83  7:11  Stalker x3  
  65  7:53  Probe (Chrono Boost)  
  58  8:09  Pylon  
  58  8:15  Immortal  
  58  8:19  Pylon  
  58  8:39  Stalker x2  
  58  8:40  Probe x2  
  58  8:41  Probe  
  62  8:52  Probe  
  62  8:53  Probe x2  
  65  9:00  Pylon  
  64  9:03  Stalker x2  
  64  9:08  Immortal (Chrono Boost)  
  62  9:38  Stalker x3  
  62  9:40  Probe x3 (Chrono Boost)  
  71  9:49  Probe x3 (Chrono Boost)  
  74  9:54  Probe x3 (Chrono Boost)  
  74  9:55  Observer  
  78  10:02  Stalker x2  
  82  10:10  Stalker  
  82  10:11  Probe x3  
  87  10:23  Probe x3  
  87  10:28  Immortal  
  94  10:36  Stalker x2  
  94  10:39  Stalker  
  100  10:44  Pylon  
  100  10:46  Pylon  
  100  10:49  Probe  
  101  10:54  Gateway  
  101  10:56  Gateway  
  101  11:03  Probe  
  101  11:04  Probe x2  
  104  11:11  Stalker x2  
  108  11:14  Stalker  
  108  11:15  Charge (Chrono Boost)  
  108  11:18  Pylon  
  110  11:27  Probe x3  
  113  11:38  Stalker x3  
  121  11:56  Stalker x2  
  120  12:12  Observer (Chrono Boost)  
  120  12:15  Stalker x2  
  111  12:24  Stalker x2  
Show
View Real Time Build Order
Export as new Build Order

Astrea Protoss 

Build Orders: Phoenix Opening, Blink Stalkers 

Get SALT Encoding   

  12  0:00  Probe  
  13  0:12  Probe  
  14  0:17  Pylon  
  14  0:24  Probe (Chrono Boost)  
  15  0:36  Probe (Chrono Boost)  
  15  0:38  Gateway  
  16  0:44  Probe (Chrono Boost)  
  16  0:46  Assimilator  
  17  0:51  Probe  
  18  1:03  Probe  
  19  1:15  Probe (Chrono Boost)  
  19  1:18  Pylon  
  20  1:19  Assimilator  
  21  1:26  Cybernetics Core, Probe (Chrono Boost)  
  21  1:31  Probe (Chrono Boost)  
  25  1:52  Nexus  
  22  1:54  Probe  
  22  2:01  Warp Gate (Chrono Boost)  
  23  2:06  Probe, Stalker (Chrono Boost)  
  26  2:18  Probe  
  27  2:22  Pylon  
  27  2:29  Sentry  
  29  2:30  Probe  
  30  2:42  Probe  
  31  2:46  Gateway  
  31  2:54  Shield Battery  
  31  2:55  Probe  
  31  2:56  Stalker  
  34  3:02  Phoenix  
  34  3:05  Probe  
  34  3:07  Probe  
  35  3:13  Twilight Council  
  35  3:17  Probe  
  35  3:19  Probe  
  37  3:28  Pylon  
  37  3:29  Probe  
  37  3:31  Probe  
  39  3:41  Probe  
  39  3:43  Probe  
  39  3:44  Stalker x2  
  39  3:46  Blink (Chrono Boost)  
  45  3:50  Pylon  
  45  3:53  Probe  
  45  3:55  Probe  
  47  4:05  Probe  
  47  4:07  Adept x2, Probe  
  52  4:19  Probe  
  52  4:22  Gateway  
  52  4:23  Gateway  
  54  4:25  Assimilator  
  54  4:30  Adept x2  
  57  4:32  Probe x2  
  59  4:44  Probe  
  60  4:47  Phoenix  
  60  4:49  Probe  
  61  4:56  Probe  
  58  5:03  Stalker x2  
  58  5:05  Nexus  
  58  5:07  Pylon  
  58  5:17  Robotics Facility  
  58  5:21  Stalker x2  
  58  5:27  Pylon  
  61  5:29  Stalker x2  
  65  5:40  Probe  
  65  5:41  Probe  
  67  5:46  Pylon  
  67  5:52  Probe, Stalker  
  67  5:56  Shield Battery  
  70  6:03  Probe  
  67  6:04  Probe  
  67  6:06  Stalker x2  
  67  6:07  Observer (Chrono Boost)  
  71  6:15  Probe  
  71  6:16  Probe  
  72  6:20  Probe  
  72  6:24  Immortal (Chrono Boost)  
  72  6:25  Stalker  
  74  6:27  Probe (Chrono Boost)  
  74  6:29  Probe (Chrono Boost)  
  74  6:32  Probe (Chrono Boost)  
  76  6:33  Stalker x2  
  81  6:40  Probe (Chrono Boost)  
  81  6:41  Probe (Chrono Boost), Forge  
  81  6:44  Probe (Chrono Boost)  
  83  6:48  Probe x2 (Chrono Boost)  
  83  6:49  Probe (Chrono Boost), Stalker  
  83  6:54  Probe  
  88  6:55  Probe, Pylon  
  88  6:58  Probe, Stalker  
  93  7:06  Probe  
  85  7:25  Probe  
  85  7:27  Stalker  
  73  7:31  Probe  
  73  7:33  Shield Battery x2, Probe  
  59  7:55  Shield Battery  
  59  7:57  Shield Battery  
  49  7:59  Probe  
  49  8:05  Shield Battery  
  47  8:06  Shield Battery  
  47  8:07  Probe  
  47  8:10  Shield Battery  
  47  8:11  Probe, Pylon  
  47  8:12  Pylon  
  49  8:22  Robotics Facility  
  49  8:25  Observer  
  49  8:28  Probe  
  49  8:30  Assimilator  
  50  8:40  Probe  
  50  8:52  Probe  
  51  9:11  Pylon  
  51  9:12  Pylon  
  51  9:13  Pylon  
  49  9:26  Immortal (Chrono Boost)  
  49  9:27  Probe  
  46  9:44  Probe  
  47  9:50  Pylon  
  47  9:53  Nexus  
  47  9:56  Probe, Pylon  
  48  10:00  Dark Shrine  
  48  10:01  Assimilator  
  48  10:08  Probe  
  49  10:15  Immortal (Chrono Boost)  
  49  10:20  Probe  
  52  10:24  Stalker x2  
  56  10:28  Observer  
  56  10:32  Probe  
  57  10:44  Probe  
  58  10:56  Observer, Probe  
  59  11:02  Nexus  
  60  11:06  Observer (Chrono Boost)  
  60  11:08  Probe  
  61  11:14  Probe  
  62  11:20  Probe  
  61  11:26  Probe  
  61  11:27  Dark Templar x2  
  62  11:33  Probe  
  62  11:38  Probe  
  63  11:45  Probe  
  63  11:46  Immortal (Chrono Boost)  
  66  11:54  Observer  
  60  11:59  Probe  
  65  12:06  Dark Templar  
  65  12:07  Zealot  
  65  12:08  Probe  
  56  12:13  Probe  
  44  12:20  Probe  
Tags
 
Add a new tag
Caveats
  • Supply blocks, unpowered buildings, or Contaminate may cause inaccurate times.
  • Supply counts are checked every 10 seconds.